Map: Ulrena

Players

AleXusher

  • Race: Terran Terran

Miszu - Winner!

  • Race: Terran Terran
  • League: Master

VOD

Have the link to the VOD?

Description

Time

  • Played on: May 3, 2016, 11:33 a.m.
  • Length: 5:41
Show
View Real Time Build Order
Export as new Build Order

AleXusher Terran 

Build Orders:  

Get SALT Encoding   

  12  0:01  SCV  
  13  0:13  SCV  
  14  0:18  Supply Depot  
  14  0:25  SCV  
  15  0:40  Barracks, SCV  
  16  0:44  Refinery  
  16  0:52  SCV  
  17  1:04  SCV  
  18  1:16  SCV  
  19  1:28  Barracks Reactor  
  19  1:29  Orbital Command  
  19  1:53  Command Center  
  19  1:55  SCV  
  20  2:05  Marine  
  20  2:06  Factory  
  20  2:08  Marine  
  22  2:12  SCV  
  23  2:35  Supply Depot  
  23  2:42  Refinery  
  23  2:52  Starport  
  23  2:56  Marine x2, SCV  
  23  2:57  Factory Reactor  
  26  3:05  Orbital Command  
  26  3:09  SCV  
  27  3:14  Marine x2  
  29  3:21  SCV  
  29  3:22  Orbital Command  
  30  3:33  Marine  
  30  3:34  Marine  
  32  3:38  Viking  
  32  3:39  Viking  
  32  3:40  SCV  
  37  3:47  Factory Tech Lab  
  37  3:49  SCV  
  37  3:52  SCV  
  37  3:53  Supply Depot  
  37  3:55  Refinery  
  39  3:59  Marine x2  
  42  4:04  SCV  
  42  4:05  Orbital Command  
  42  4:08  Siege Tank  
  43  4:12  Viking  
  41  4:20  Marine  
  41  4:21  Marine  
  41  4:22  SCV  
  44  4:30  Barracks  
  44  4:32  Barracks  
  44  4:40  Marine x2  
  45  4:54  Medivac  
  45  4:55  Siege Tank  
  50  5:01  Marine  
  50  5:02  Marine  
  50  5:20  Marine  
Show
View Real Time Build Order
Export as new Build Order

Miszu Terran - Winner!

Build Orders: 1/1/1 

Get SALT Encoding   

  12  0:00  SCV  
  13  0:12  SCV  
  14  0:17  Supply Depot  
  14  0:24  SCV  
  15  0:39  SCV  
  15  0:41  Barracks  
  16  0:45  Refinery  
  16  0:51  SCV  
  16  0:55  Refinery  
  17  1:03  SCV  
  18  1:15  SCV  
  19  1:29  Orbital Command  
  19  1:30  Marine  
  20  1:39  Factory  
  20  1:48  Barracks Reactor  
  20  1:55  Supply Depot  
  20  2:00  SCV  
  21  2:21  SCV  
  22  2:24  Starport, Marine x2  
  22  2:26  Factory Tech Lab  
  24  2:33  SCV  
  24  2:42  Marine x2  
  26  2:46  Supply Depot  
  26  2:47  SCV  
  27  2:55  Siege Tank  
  30  3:08  Viking  
  30  3:11  Medivac  
  34  3:17  Supply Depot  
  34  3:28  Siege Tank  
  37  3:38  Viking  
  39  3:46  Marine  
  39  3:47  Supply Depot  
  40  3:52  Viking  
  42  4:04  Marine  
  43  4:11  Viking  
  45  4:22  Marine  
  45  4:23  Viking  
  48  4:29  SCV  
  49  4:44  Supply Depot  
  49  4:45  Viking  
  51  4:58  Viking  
  53  5:16  Marine  
Tags
 
League
Master
Matchup
TvT
Opening
1/1/1
Race
Terran
Add a new tag
Caveats
  • Supply blocks, unpowered buildings, or Contaminate may cause inaccurate times.
  • Supply counts are checked every 10 seconds.